 Dungeon Crawl Stone Soup version 0.29-a0-321-gf1c400731a (webtiles) character file.

Game seed: 3164220599838487463

103280 nano the Thaumaturge (level 16, 0/141 HPs)
             Began as a Djinni Transmuter on Apr 3, 2022.
             Was the Champion of Cheibriados.
             Slain by a spriggan rider
             ... wielding a +0 spear
              (5 damage)
             ... on level 1 of the Swamp.
             The game lasted 01:21:48 (29353 turns).

nano the Thaumaturge (Djinni Transmuter)           Turns: 29353, Time: 01:21:49

Health: 0/141      AC: 13    Str: 24    XL:     16   Next: 88%
Gold:   965        EV: 27    Int: 36    God:    Cheibriados [******] SH:  0 Dex: 37

rFire   x . .      SeeInvis +     - Unarmed
rCold   + + +      Faith    .   (shield currently unavailable)
rNeg    . . .      Spirit   .   (body armour currently unavailable)
rPois   ∞          Reflect  .   (helmet currently unavailable)
rElec   .          Harm     .   (cloak currently unavailable)
rCorr   .          Rampage  .   (gloves currently unavailable)
Will    +....                   (boots unavailable)
Stlth   +++.......              x - amulet of the acrobat
HPRegen 0.33/turn               i - +6 ring of dexterity
MPRegen 0.00/turn               k - ring of see invisible

@: about to teleport, ice-form, corroded, flying, very slow
A: freezing attack, flying, boosted hp, sickness immunity, large, (fire
resistance 2), (cold vulnerability 1), float, innate caster, HP casting, extra
vitality 1
a: End Transformation, Renounce Religion, Bend Time, Temporal Distortion,
Slouch, Step From Time


You were on level 1 of the Swamp.
You worshipped Cheibriados.
Cheibriados was exalted by your worship.
You were a creature of crystalline ice.
You visited 5 branches of the dungeon, and saw 25 of its levels.
You also visited: Ice Cave.

You collected 2558 gold pieces.
You spent 1593 gold pieces at shops.

Inventory:

Hand Weapons
 w - the +8 great mace "Orb Guardian's Foe" {vorpal, rElec MP+9 Str+4 Int+5 Dex-2}
   (You found it on level 11 of the Dungeon)

   It inflicts extra damage upon your enemies.
   Str:       It affects your strength (+4).
   Int:       It affects your intelligence (+5).
   Dex:       It affects your dexterity (-2).
   rElec:     It insulates you from electricity.
   MP:        It affects your magic capacity (+9).
 y - the +8 mace of Hecwuas (melded) {antimagic, Int+7}
   (You found it on level 5 of the Dungeon)

   It reduces the magical energy of the wielder, and disrupts the spells and
   magical abilities of those it strikes.
   Natural abilities and divine invocations are not affected.
   Int:       It affects your intelligence (+7).
 B - the +7 spear of Dawn {pain, rElec Str+3 Dex+3}
   (You found it on level 5 of the Dungeon)

   In the hands of one skilled in necromantic magic, it inflicts extra damage on
   living creatures.
   Your inability to study Necromancy prevents you from drawing on the full
   power of this weapon.
   Str:       It affects your strength (+3).
   Dex:       It affects your dexterity (+3).
   rElec:     It insulates you from electricity.
 C - the +12 rapier of Wubote {protect, Str+3}
   (You found it on level 1 of the Swamp)

   It grants its wielder temporary protection when it strikes (+7 to AC).
   Str:       It affects your strength (+3).
 U - the +6 quarterstaff "Reocinkozoi" {pain, rCorr}
   (You found it on level 3 of the Lair of Beasts)

   In the hands of one skilled in necromantic magic, it inflicts extra damage on
   living creatures.
   Your inability to study Necromancy prevents you from drawing on the full
   power of this weapon.
   rCorr:     It protects you from acid and corrosion.
Missiles
 q - 19 poisoned darts
 s - 2 throwing nets {!f}
 A - 5 curare-tipped darts (quivered)
 X - 5 atropa-tipped darts
Armour
 f - a +2 cloak of willpower (melded)
 p - a +2 pair of gloves (melded)
 t - a +2 robe of the Archmagi (melded)
 v - a +2 hat of intelligence (melded)
 O - the +4 robe of Augmentation {Str+4 Int+4 Dex+4}
   (You found it on level 10 of the Dungeon)

   Str:       It affects your strength (+4).
   Int:       It affects your intelligence (+4).
   Dex:       It affects your dexterity (+4).
 V - a scarf of repulsion
Magical Staves
 M - a staff of conjuration
Jewellery
 i - a +6 ring of dexterity (left front paw)
 k - a ring of see invisible (right front paw)
 l - a +4 ring of protection
 x - an amulet of the acrobat (around neck)
 D - a ring of wizardry
 J - a ring of ice
 N - a +4 ring of slaying
 Q - a ring of resist corrosion
 R - a ring of positive energy
Wands
 j - a wand of paralysis (7)
 o - a wand of acid (6)
 r - a wand of iceblast (19)
 G - a wand of mindburst (5)
 H - a wand of digging (7)
 K - a wand of charming (1)
 Z - a wand of flame (10)
Scrolls
 b - 4 scrolls of fog
 d - 14 scrolls of teleportation {@r3}
 g - 2 scrolls of blinking
 n - a scroll of vulnerability
 F - 4 scrolls of holy word
 L - 2 scrolls of summoning
 P - 3 scrolls of immolation
 T - a scroll of fear
 Y - 4 scrolls of identify {@r1}
Potions
 a - 4 potions of attraction
 c - 2 potions of heal wounds
 e - 3 potions of ambrosia
 h - 4 potions of might
 m - 7 potions of curing {@q1}
 u - 5 potions of brilliance
 z - 2 potions of cancellation
 E - 3 potions of lignification
 I - 5 potions of mutation
 S - 2 potions of resistance
 W - a potion of invisibility


   Skills:
 + Level 12.1 Fighting
 + Level 13.4 Dodging
 + Level 12.5 Unarmed Combat
 * Level 13.4 Spellcasting
 - Level 10.0 Invocations
 - Level 6.0 Evocations


You had 7 spell levels left.
You knew the following spells:

 Your Spells              Type           Power      Damage    Failure   Level
a - Beastly Appendage     Tmut           100%       N/A       0%          1
b - Wereblood             Tmut           88%        N/A       0%          2
c - Spider Form           Tmut/Pois      88%        N/A       1%          3
d - Ice Form              Ice/Tmut       88%        N/A       1%          4
e - Sting                 Tmut/Pois      100%       1d8       0%          1
f - Call Imp              Summ           88%        N/A       0%          2
g - Static Discharge      Conj/Air       88%        N/A       0%          2
h - Portal Projectile     Hex/Tloc       100%       N/A       1%          3
i - Alistair's Intoxicat  Tmut/Pois      58%        N/A       1%          5
j - Summon Forest         Summ/Tloc      44%        N/A       1%          5
k - Starburst             Conj/Fire      44%        6d12      1%          6
Your spell library was empty.

Dungeon Overview and Level Annotations

Branches:
Dungeon (15/15)            Temple (1/1) D:4            Lair (6/6) D:10
  Swamp (1/4) Lair:3        Snake (0/4) Lair:3        Slime (0/5) Lair:5
    Orc (2/2) D:10            Elf (0/3) Orc:2        Vaults (0/5) D:14
 Depths (0/4) D:15          IceCv (visited)

Altars:
Ashenzari
Cheibriados
Dithmenos
Elyvilon
Fedhas
Gozag
Hepliaklqana
Kikubaaqudgha
Makhleb
Nemelex Xobeh
Okawaru
Qazlal
Ru
Sif Muna
Trog
Uskayaw
Vehumet
Wu Jian
Xom
Yredelemnul
Zin
The Shining One
Beogh
Jiyva
Lugonu

Shops:
D:4 (   D:7 *   Orc:2 [=[?

Portals:
Trove: D:14 (give 9 potions of haste)

Annotations:
D:5 1 runed translucent door, feta's ghost, amateur OpTm
Orc:2 1 runed translucent door, Cthan's ghost, journeyman HOFi


Innate Abilities, Weirdness & Mutations

You are a creature of crystalline ice.
You have a powerful freezing melee attack.
You are flying.
Your maximum health is increased.
Your armour is entirely melded.
You are incapable of wielding weapons or throwing items.
You are immune to sickness and miasma.
You are immune to poison.
((Your flesh is very heat resistant. (rF++)))
((You are vulnerable to cold. (rC-)))
You float through the air rather than walking.
You learn spells naturally, not from books.
Your magical power is your life essence.
You have superior vitality. (+4 MHP)


Message History

The alligator bites you but does no damage.
The alligator misses you.
You punch the alligator! You freeze the alligator!
The alligator completely misses you. The alligator closely misses you.
The alligator bites you!!
* * * LOW HITPOINT WARNING * * *
The alligator tail-slaps you but does no damage.
You pummel the alligator!!
The alligator seems to slow down.
You freeze the alligator.
You kill the alligator!
Cheibriados appreciates the change of pace.
As you read the scroll of fog, it crumbles to dust.
The scroll dissolves into smoke.
Space becomes stable.
The spriggan rider hits you from afar with a +0 spear!
* * * LOW HITPOINT WARNING * * *
You feel much better.
The spriggan rider hits you from afar with a +0 spear!
* * * LOW HITPOINT WARNING * * *
The spriggan rider closely misses you. x2; The spriggan rider misses you.
You see here an alligator corpse.
You barely miss the spriggan rider. The spriggan rider barely misses you.
The spriggan rider completely misses you.
As you read the scroll of teleportation {@r3}, it crumbles to dust.
You feel strangely unstable.
You feel yourself speed up.
The spriggan rider hits you but does no damage.
Okay, then.
You closely miss the spriggan rider. The goliath frog completely misses you.
A spriggan rider comes into view. It is wielding a +0 spear.
The spriggan rider hits you with a +0 spear.
* * * LOW HITPOINT WARNING * * *
You pummel the spriggan rider!! You freeze the spriggan rider.
The goliath frog hits you from afar!
* * * LOW HITPOINT WARNING * * *
The acid corrodes you!
You are splashed with acid!
* * * LOW HITPOINT WARNING * * *
The spriggan rider hits you with a +0 spear.
You die...

≈§≈≈≈.§≈...♣♣
≈?≈≈≈♣i.i♣≈≈♣♣
≈.≈≈.≈.≈≈≈..≈♣♣
♣....≈≈≈≈≈≈≈♣≈††§≈.♣
♣.♣≈≈...≈.≈i≈†..≈♣ ♣
♣.≈♣≈.♣≈§≈D†≈>.♣.≈≈≈≈♣
♣
♣♣≈≈≈≈.♣.≈≈♣§§F♣♣(....♣
♣ .≈.≈≈.♣..≈≈♣i♣♣
♣.♣♣.≈♣ ♣
♣♣.....♣♣.≈§♣Y♣ .♣ .. ♣
♣.≈.♣♣.≈≈>≈§§§♣ ♣. . ♣
♣.≈≈♣♣)≈≈≈≈§§§♣♣ n. ♣
♣.≈≈.♣[≈♣♣.§§§§♣ ≈≈ ♣
♣♣≈.†≈♣♣(≈≈♣♣..♣♣
♣♣♣≈≈≈≈†.♣.≈≈≈≈≈.♣
♣♣.≈.≈.≈.≈≈..♣♣≈≈♣
.♣♣≈♣♣♣≈≈.♣♣♣♣♣≈≈.♣
♣♣≈.♣ ♣♣...♣ ♣♣≈♣♣


You could see a spriggan rider and a goliath frog.

Vanquished Creatures
  Roxanne (D:15)
  A broodmother (shapeshifter) (D:14)
  An ironbound preserver (D:14)
  A dire elephant (Lair:6)
  An ettin (Orc:1)
  A fire dragon (D:15)
  Snorg (Lair:5)
  Josephine (Lair:5)
  2 boulder beetles
  2 ogre magi
  7 centaur warriors
  6 hydras
  A ghost crab (Swamp:1)
  An alligator (Swamp:1)
  A catoblepas (Lair:5)
  A merfolk avatar (Lair:6)
  7 two-headed ogres
  6 death yaks
  2 tengu warriors (D:12)
  Urug (D:12)
  Nergalle (D:11)
  Sonja (D:10)
  2 spriggan druids (Swamp:1)
  2 wizards (D:14)
  4 harpies (Lair:6)
  A deep elf pyromancer (D:14)
  Pikel (D:4)
  An orc knight (Orc:1)
  9 orc sorcerers
  8 cyclopes
  10 ugly things
  12 elephants
  6 manticores
  7 black mambas
  2 ice statues (IceCv)
  A gargoyle (D:12)
  12 cane toads
  Psyche (D:10)
  5 yaktaurs (D:15)
  A freezing wraith (IceCv)
  An efreet (D:15)
  11 komodo dragons
  A kobold demonologist (D:12)
  3 rime drakes
  2 ice devils (D:12)
  A bloated husk (Swamp:1)
  6 trolls
  2 hornets (Lair:6)
  2 wind drakes (Lair:6)
  13 slime creatures
  A tyrant leech (Swamp:1)
  3 polar bears
  A dream sheep (Lair:3)
  2 blink frogs
  A snapping turtle (Lair:6)
  3 shadows
  3 spriggans (Swamp:1)
  2 vampires
  3 wraiths
  2 basilisks (Lair:5)
  A wyvern (D:8)
  60 yaks
  Eustachio (D:6)
  A steam dragon (Lair:6)
  A death yak simulacrum (IceCv)
  11 vampire mosquitoes
  Menkaure (D:6)
  A swamp worm (Swamp:1)
  A warg (Orc:1)
  5 acid dragons
  11 water moccasins
  An ice beast (D:7)
  13 orc warriors
  A sky beast (D:6)
  5 black bears
  6 ogres
  11 centaurs
  13 wolves
  3 lemures
  A phantom (D:6)
  7 bullfrogs
  A necrophage (D:5)
  5 scorpions
  2 cane toad simulacra (IceCv)
  4 wights (D:7)
  A hornet simulacrum (D:15)
  2 electric eels (Lair:3)
  7 howler monkeys
  5 hounds
  A jelly (D:7)
  A gnoll shaman (D:8)
  7 orc priests
  Crazy Yiuf (D:2)
  4 iguanas
  Natasha (thrice) (D:2)
  21 orc wizards
  5 gnolls (D:8)
  13 adders
  A shadow imp (D:7)
  An ufetubus (D:5)
  2 worms
  4 dart slugs
  52 orcs
  2 endoplasms
  6 giant cockroaches (D:1)
  5 goblins
  6 hobgoblins
  8 kobolds
  3 quokkas
  9 ball pythons
  3 bats
  2 frilled lizards
  5 rats
  6 bushes
  2 foxfires (Swamp:1)
550 creatures vanquished.

Vanquished Creatures (collateral kills)
  Gastronok (D:9)
  Azrael (D:15)
  A fire dragon (D:15)
  2 hydras
  A ghost crab (Swamp:1)
  A death yak (Lair:4)
  2 bog bodies (Swamp:1)
  A deep elf pyromancer (D:14)
  An orc sorcerer (Orc:2)
  An ugly thing (IceCv)
  An elephant (Lair:6)
  A black mamba (Lair:5)
  An efreet (D:14)
  A bloated husk (Swamp:1)
  A slime creature (D:13)
  2 blink frogs (Lair:4)
  A wyvern (Lair:6)
  A wraith (Lair:5)
  3 basilisks
  3 fire elementals (D:15)
  A vampire mosquito (D:10)
  3 hell hounds (D:15)
  4 wolves (Lair:4)
  3 ogres
  3 bullfrogs
  A cane toad simulacrum (IceCv)
  A jelly (D:6)
  3 orc wizards
  4 orcs
  A quokka (D:4)
  A kobold (D:4)
  12 bushes
64 creatures vanquished.

Vanquished Creatures (others)
  A bunyip (Swamp:1)
  A death drake (Swamp:1)
  A will-o-the-wisp (Swamp:1)
  3 slime creatures (D:15)
  Edmund (D:4)
  A swamp worm (Swamp:1)
  A swamp drake (Swamp:1)
  An orc wizard (Orc:2)
  2 bushes
  2 foxfires (Swamp:1)
  48 fungi
  92 plants
  4 snaplasher vines
158 creatures vanquished.

Grand Total: 772 creatures vanquished

Notes
Turn   | Place    | Note
-------+----------+-------------------------------------------
     0 | D:1      | nano the Djinni Transmuter began the quest for the Orb.
     0 | D:1      | Reached XP level 1. HP: 17/17 MP: 0/0
   477 | D:1      | Reached XP level 2. HP: 21/22 MP: 0/0
  1156 | D:1      | Reached XP level 3. HP: 23/27 MP: 0/0
  1156 | D:1      | Learned a level 1 spell: Sting
  1480 | D:1      | Found a faded altar of an unknown god.
  1494 | D:1      | Prayed at the altar of an unknown god.
  1494 | D:1      | Became a worshipper of Cheibriados the Contemplative
  1494 | D:1      | Reached * piety under Cheibriados
  2025 | D:2      | Reached XP level 4. HP: 28/33 MP: 0/0
  2394 | D:2      | Found a runed translucent door.
  2395 | D:2      | Noticed Crazy Yiuf
  2440 | D:2      | Reached ** piety under Cheibriados
  2869 | D:2      | Found a bloodstained altar of Trog.
  2872 | D:2      | Noticed Natasha
  2878 | D:2      | Killed Natasha
  2879 | D:2      | Reached XP level 5. HP: 28/38 MP: 0/0
  2879 | D:2      | Learned a level 2 spell: Call Imp
  2988 | D:2      | Noticed Natasha
  2993 | D:2      | Killed Natasha
  3079 | D:2      | Killed Crazy Yiuf
  3126 | D:2      | Noticed Natasha
  3136 | D:2      | Killed Natasha
  3137 | D:2      | Reached XP level 6. HP: 32/45 MP: 0/0
  4354 | D:4      | Found Maixkaru's Antique Weapon Boutique.
  4540 | D:4      | Noticed Pikel
  4628 | D:4      | Killed Pikel
  4629 | D:4      | Reached XP level 7. HP: 25/50 MP: 0/0
  4629 | D:4      | Learned a level 2 spell: Static Discharge
  5044 | D:4      | Reached XP level 8. HP: 54/57 MP: 0/0
  5085 | D:4      | Reached *** piety under Cheibriados
  5252 | D:4      | Killed Edmund
  5429 | D:4      | Found a staircase to the Ecumenical Temple.
  5537 | D:4      | Reached skill level 5 in Unarmed Combat
  5539 | D:4      | Reached skill level 5 in Dodging
  5835 | Temple   | Entered the Ecumenical Temple
  6102 | D:5      | Entered Level 5 of the Dungeon
  6284 | D:5      | Found a runed translucent door.
  6287 | D:5      | Noticed feta's ghost (amateur OpTm)
  6334 | D:5      | Identified the +8 mace of Hecwuas {antimagic, Int+7}
  6589 | D:5      | Identified the +7 spear of Dawn {pain, rElec Str+3 Dex+3}
  6748 | D:5      | Reached skill level 5 in Spellcasting
  6931 | D:5      | Reached XP level 9. HP: 63/63 MP: 0/0
  6931 | D:5      | Learned a level 3 spell: Portal Projectile
  7399 | D:5      | Reached **** piety under Cheibriados
  7443 | D:4      | Bought a jewelled hand crossbow for 221 gold pieces
  7443 | D:4      | Identified the +2 hand crossbow of Hurting Bloody Death
                  | {elec, rCorr} (You bought it in a shop on level 4 of the
                  | Dungeon)
  7521 | D:6      | Reached skill level 5 in Fighting
  7843 | D:6      | Noticed Menkaure
  7850 | D:6      | Killed Menkaure
  8196 | D:6      | Noticed Eustachio
  8203 | D:6      | Killed Eustachio
  8848 | D:7      | Found Yneskad's Overcharged Wands.
  9020 | D:7      | Reached XP level 10. HP: 72/72 MP: 0/0
  9778 | D:8      | Reached skill level 1 in Invocations
  9778 | D:8      | Reached skill level 1 in Evocations
  9832 | D:8      | Noticed a manticore
  9850 | D:8      | Killed a manticore
 10583 | D:9      | Noticed Gastronok
 10591 | D:9      | Killed Gastronok
 10683 | D:9      | Reached XP level 11. HP: 77/78 MP: 0/0
 10683 | D:9      | Learned a level 5 spell: Alistair's Intoxication
 11433 | D:10     | Entered Level 10 of the Dungeon
 11507 | D:10     | Reached ***** piety under Cheibriados
 11660 | D:10     | Noticed Psyche
 11666 | D:10     | Killed Psyche
 11710 | D:10     | Found the +4 robe of Augmentation {Str+4 Int+4 Dex+4}
 12010 | D:10     | Noticed a tengu warrior
 12010 | D:10     | Noticed a manticore
 12010 | D:10     | Noticed a cyclops
 12020 | D:10     | Found a staircase to the Orcish Mines.
 12021 | D:10     | Noticed a boulder beetle
 12021 | D:10     | Noticed an ogre mage
 12022 | D:10     | Noticed a cyclops
 12022 | D:10     | Noticed a cyclops
 12094 | D:10     | Noticed a centaur warrior
 12199 | D:10     | Noticed Sonja
 12380 | D:10     | Killed Sonja
 12381 | D:10     | Reached XP level 12. HP: 85/85 MP: 0/0
 12470 | D:10     | Found a staircase to the Lair.
 12640 | Lair:1   | Entered Level 1 of the Lair of Beasts
 12666 | Lair:1   | Identified the +8 flail "Kedodet" {speed, Will++}
 12954 | Lair:1   | Identified the +6 quarterstaff "Luese" {speed, rElec}
 13477 | Lair:2   | Reached skill level 5 in Invocations
 13481 | Lair:2   | Reached skill level 5 in Evocations
 13681 | Lair:2   | You are sucked into a shaft and drop 2 floors!
 13985 | Lair:3   | Found a staircase to the Swamp.
 13985 | Lair:3   | Noticed a six-headed hydra
 14058 | Lair:3   | Reached ****** piety under Cheibriados
 14084 | Lair:3   | Found a staircase to the Snake Pit.
 14574 | Lair:3   | Reached XP level 13. HP: 86/93 MP: 0/0
 14574 | Lair:3   | Learned a level 5 spell: Summon Forest
 14835 | Lair:3   | Noticed a six-headed hydra
 14866 | Lair:3   | Killed a six-headed hydra
 14867 | Lair:3   | Reached skill level 10 in Dodging
 14944 | Lair:3   | Reached skill level 10 in Spellcasting
 15000 | Lair:3   | Identified the +6 quarterstaff "Reocinkozoi" {pain, rCorr}
 15054 | Lair:3   | Killed a six-headed hydra
 16373 | Lair:5   | Found a staircase to the Slime Pits.
 16421 | Lair:5   | Noticed a six-headed hydra
 16427 | Lair:5   | Killed a six-headed hydra
 16453 | Lair:5   | Noticed a catoblepas
 16460 | Lair:5   | Killed a catoblepas
 16461 | Lair:5   | Reached skill level 10 in Unarmed Combat
 16461 | Lair:5   | Reached XP level 14. HP: 101/101 MP: 0/0
 16509 | Lair:5   | Found a viscous altar of Jiyva.
 16595 | Lair:5   | Noticed Snorg
 16616 | Lair:5   | Killed Snorg
 17021 | Lair:5   | Noticed Josephine
 17025 | Lair:5   | Killed Josephine
 17912 | Lair:5   | Reached skill level 10 in Fighting
 18211 | Lair:6   | Entered Level 6 of the Lair of Beasts
 18300 | Lair:6   | Noticed a dire elephant
 18315 | Lair:6   | Killed a dire elephant
 18793 | Lair:6   | Identified the +1 ring mail of Xymitt {rN+}
 18798 | Lair:6   | Identified the +10 quarterstaff "Goblinslayer" {vorpal,
                  | rPois Str+3}
 19610 | Orc:1    | Entered Level 1 of the Orcish Mines
 19854 | Orc:1    | Reached XP level 15. HP: 109/109 MP: 0/0
 19854 | Orc:1    | Learned a level 6 spell: Starburst
 20120 | Orc:2    | Entered Level 2 of the Orcish Mines
 20275 | Orc:2    | Found a staircase to the Elven Halls.
 20299 | Orc:2    | Found Vadaikhli's Antique Armour Boutique.
 20326 | Orc:2    | Paralysed by an orc sorcerer for 6 turns
 20514 | Orc:2    | Found Pot Ocli's Antique Armour Shop.
 20540 | Orc:2    | Found Tidghos's Jewellery Boutique.
 20623 | Orc:2    | Found Cuomifer's Magic Scroll Shop.
 20825 | Orc:2    | Found a runed translucent door.
 20826 | Orc:2    | Noticed Cthan's ghost (journeyman HOFi)
 21260 | Orc:2    | Bought an embroidered cloak for 202 gold pieces
 21280 | Orc:2    | Bought a +4 ring of slaying for 1170 gold pieces
 22228 | D:11     | Noticed Nergalle
 22234 | D:11     | Killed Nergalle
 22680 | D:11     | Identified the +8 great mace "Orb Guardian's Foe" {vorpal,
                  | rElec MP+9 Str+4 Int+5 Dex-2}
 23438 | D:12     | Found a frozen archway.
 23457 | IceCv    | Entered an ice cave
 23472 | IceCv    | Found a transporter.
 23485 | IceCv    | Found a transporter.
 23666 | D:12     | Noticed Urug
 23676 | D:12     | Killed Urug
 25085 | D:13     | Reached XP level 16. HP: 104/116 MP: 0/0
 26184 | D:14     | Found a corrupted altar of Lugonu.
 26243 | D:14     | Reached skill level 10 in Invocations
 26448 | D:14     | Found a gate to the Vaults.
 26612 | D:14     | Found a portal to a secret trove of treasure.
 27241 | D:15     | Entered Level 15 of the Dungeon
 27738 | D:15     | Found a stormy altar of Qazlal.
 28185 | D:15     | Noticed Roxanne
 28220 | D:15     | Killed Roxanne
 28393 | D:15     | Noticed Azrael
 28450 | D:15     | Killed Azrael
 28695 | D:15     | Found a staircase to the Depths.
 29118 | Swamp:1  | Entered Level 1 of the Swamp
 29241 | Swamp:1  | Identified the +10 hand crossbow of Batydil {venom, Fragile
                  | rN+++ Str-2 SInv}
 29303 | Swamp:1  | Identified the +12 rapier of Wubote {protect, Str+3}
 29353 | Swamp:1  | HP: 5/141 [acid[a spriggan druid] (10)]
 29353 | Swamp:1  | Slain by a spriggan rider

Illustrated notes

Levels and vault maps discovered:
D:1:      dpeg_arrival_pond, layout_basic, nicolae_ecumenical_snake_handling,
          minmay_misc_feat_roman, grunt_decor_cap, corexii_hall_statues_i,
          nrook_mini_vaults, minmay_worlds_worst_comb
D:2:      layout_basic, basic_altar, uniq_crazy_yiuf_cottage, uniq_natasha
D:3:      layout_basic, dk_noncrumbling_3
D:4:      layout_rooms, lemuel_temple_firewalk_a, serial_shops,
          nicolae_shop_waterfront, uniq_edmund, uniq_pikel
D:5:      layout_basic, hellmonk_ghost_happy_afterlife, serial_co_window_serial,
          co_window_corner_a, co_window_corner_a, co_window_corner_a,
          co_window_paths_a, co_window_paths_a, co_window_2corner,
          co_window_corner_b, co_window_paths_c, co_window_unsneaky_path_e,
          co_window_unsneaky_path_e, co_window_paths_c, glass_columns_b,
          glass_columns_a, glass_columns_a, grunt_tough_drop
D:6:      layout_cave_pools, uniq_eustachio, uniq_menkaure
D:7:      layout_loops_corners, nicolae_shop_overcharged_wands
D:8:      layout_basic
D:9:      layout_basic, mainiacjoe_overflow_alcove_2, uniq_gastronok
D:10:     layout_rooms, grunt_lair_entry_orc_guard_hut, orc_0_dummy,
          minivault_12, uniq_sonja, uniq_psyche
D:11:     layout_loops_ring, uniq_nergalle
D:12:     layout_stronghold, portal_ice_cave_demonic_guard, uniq_urug
D:13:     layout_basic
D:14:     layout_loops_ring, skrybe_vaults_entry_preservation,
          minmay_misc_feat_plants, nicolae_trove_entry_isolated,
          tgw_lugonu_bribe
D:15:     grunt_enter_depths_hoard, layout_long_grid,
          nicolae_qazlal_style_of_elements, uniq_roxanne, uniq_azrael
Temple:   minmay_crystal_snake_temple
Lair:1:   layout_regular_city
Lair:2:   layout_chaotic_city
Lair:3:   statuecave_lemuel, layout_loops_ring, minmay_swamp_entry_reptiles,
          minmay_snake_entry_six_corridors, minmay_hedge_maze,
          beast_lair_carwin_10, lemuel_fruit_tree
Lair:4:   layout_cave_pods, infiniplex_staircase_pool
Lair:5:   nzn_winding_woodlands_small [nzn_winding_woodlands_5x15_cabin,
          nzn_winding_woodlands_center_lodge,
          nzn_winding_woodlands_5x15_zeroes], layout_cave_shapes, slime_altar_1,
          infiniplex_staircase_pool_2, uniq_josephine, uniq_snorg
Lair:6:   gammafunk_lair_ancient_temple, layout_regular_city, minivault_19,
          lookout_lair_type
Swamp:1:  layout_falls_marsh, nicolae_swamp_little_swirl
Orc:1:    layout_diamond_mine, basic_altar
Orc:2:    kennysheep_orc_mage_school, layout_diamond_mine, gammafunk_ghost_grave

Skill      XL: |  1  2  3  4  5  6  7  8  9 10 11 12 13 14 15 16 |
---------------+-------------------------------------------------+-----
Spellcasting   | 2 4 5 6 7 8 9 10 11 12 13 | 13.4
Dodging        | 3 4 5 6 7 8 9 10 11 12 13 | 13.4
Fighting       | 2 3 4 5 6 7 8 9 10 11 12 | 12.1
Unarmed Combat | 4 5 6 7 8 9 10 11 12 | 12.5
Invocations    | 2 4 5 7 8 9 10 | 10.0
Evocations     | 2 4 5 6 |  6.0

Action                   |  1- 3 |  4- 6 |  7- 9 | 10-12 | 13-15 | 16-18 || total
-------------------------+-------+-------+-------+-------+-------+-------++-------
Melee: Unarmed           |    75 |   103 |   145 |   331 |   524 |   135 ||  1313
       Headbutt          |    12 |       |       |       |       |       ||    12
       Punch             |     2 |     1 |     1 |       |     1 |       ||     5
       Whip              |       |       |     7 |       |       |       ||     7
       Mace              |       |       |     2 |     5 |    18 |     8 ||    33
       Spear             |       |       |       |       |     7 |       ||     7
Throw: Dart              |       |       |     4 |     6 |     3 |     1 ||    14
 Cast: Beastly Appendage |    17 |     5 |     5 |       |       |       ||    27
       Sting             |     9 |     5 |     3 |     2 |     5 |       ||    24
       Spider Form       |     3 |    30 |    13 |     2 |     3 |     2 ||    53
       Call Imp          |       |       |    29 |    22 |    12 |     1 ||    64
       Ice Form          |       |       |    21 |    40 |    53 |    19 ||   133
       Wereblood         |       |       |     1 |    15 |    19 |     5 ||    40
       Alistair's Intoxi |       |       |       |     1 |     3 |     1 ||     5
       Summon Forest     |       |       |       |       |    18 |     5 ||    23
       Starburst         |       |       |       |       |    48 |    23 ||    71
Invok: Slouch            |       |       |       |       |     1 |     5 ||     6
 Abil: End Transformatio |       |     1 |     2 |     4 |     2 |     4 ||    13
Evoke: Wand              |       |       |     3 |     2 |    11 |     1 ||    17
  Use: Scroll            |     3 |     9 |     3 |    10 |    10 |     6 ||    41
       Potion            |     1 |     3 |       |     2 |     3 |     4 ||    13
 Stab: Sleeping          |     4 |     3 |     3 |     1 |     6 |     3 ||    20
       Distracted        |       |       |     2 |     1 |     8 |     3 ||    14
Armor: Robe              |    18 |     3 |     1 |     2 |     5 |       ||    29
       Skin              |       |    10 |    40 |   101 |   104 |    31 ||   286
Dodge: Dodged            |    42 |   114 |   126 |   302 |   639 |   214 ||  1437

Table legend: (Time is in decaauts)
 A = Elapsed time spent in this place.
 B = Non-inter-level travel time spent in this place.
 C = Inter-level travel time spent in this place.
 D = Time resting spent in this place.
 E = Time spent auto-exploring this place.
 F = Levels seen in this place.
 G = Mean time per level.
                   A        B        C        D        E       F      G
               +--------+--------+--------+--------+--------+-----+--------+
         Total |  43096 |  40795 |   2301 |   4816 |  27725 |  26 | 1657.5 |
       Dungeon |  27162 |  25872 |   1290 |   3674 |  17479 |  15 | 1810.8 |
        Temple |    329 |    270 |     59 |      0 |    238 |   1 |  329.0 |
          Lair |  11386 |  10859 |    527 |    802 |   7518 |   6 | 1897.7 |
         Swamp |    347 |    347 |      0 |      0 |    151 |   1 |  347.0 |
  Orcish Mines |   3661 |   3239 |    422 |    309 |   2329 |   2 | 1830.5 |
      Ice Cave |    209 |    209 |      0 |     31 |      9 |   1 |  209.0 |
               +--------+--------+--------+--------+--------+-----+--------+

Top non-repeatable levels by time:
  Lair:5: 2615 daAuts
    D:14: 2321 daAuts
   Orc:2: 2317 daAuts
  Lair:3: 2227 daAuts
    D:11: 2099 daAuts
    D:15: 2081 daAuts
    D:12: 2049 daAuts
     D:1: 2033 daAuts
  Lair:4: 1996 daAuts
  Lair:6: 1993 daAuts
     D:4: 1977 daAuts
     D:5: 1908 daAuts
    D:13: 1857 daAuts
    D:10: 1703 daAuts
     D:3: 1662 daAuts
